 Dungeon Crawl Stone Soup version 0.31-a0-1074-g0b22e4e0f1 (webtiles) character file.

Game seed: 47333322399420102

198 javelincjr the Changeling (level 5, -3/37 HPs)
             Began as a Demonspawn Shapeshifter on Nov 27, 2023.
             Slain by a two-headed ogre
             ... wielding a +0 giant club
              (22 damage)
             ... on level 4 of the Dungeon on Nov 28, 2023.
             The game lasted 00:07:05 (2726 turns).

javelincjr the Changeling (Demonspawn Shapeshifter) Turns: 2726, Time: 00:07:06

Health: -3/37      AC:  9    Str: 16    XL:     5   Next: 47%
Magic:  5/5        EV: 13    Int: 11    God:
Gold:   144        SH:  0    Dex: 18    Spells: 4/4 levels left

rFire   + + +        p - +5 whip of Dycex {elec, rF+ rC- Dex+5}
rCold   x . .        (no shield)
rNeg    . . .        t - +1 robe of Usitays {-Cast Fly rF++}
rPois   .            (helmet currently unavailable)
rElec   .            (cloak currently unavailable)
rCorr   .            (gloves currently unavailable)
SInv    .            (boots currently unavailable)
Will    .....        (no amulet)
Stlth   ++           x - +4 ring of protection
HPRegen 0.26/turn    (no ring)
MPRegen 0.09/turn

%: no spellcasting
@: beast-form, flying
A: beast (slay +2), molten scales 1
a: Begin Untransformation


You were on level 4 of the Dungeon.
You were a hulking beast.
You visited 1 branch of the dungeon, and saw 4 of its levels.

You collected 144 gold pieces.

Inventory:

Hand Weapons
 p - the +5 whip of Dycex (weapon) {elec, rF+ rC- Dex+5}
   (You found it on level 3 of the Dungeon)

   Dex+5:     It affects your dexterity (+5).
   rF+:       It protects you from fire.
   rC-:       It makes you vulnerable to cold.
Missiles
 k - 6 poisoned darts
Armour
 a - a +0 animal skin
 t - the +1 robe of Usitays (worn) {-Cast Fly rF++}
   (You found it on level 3 of the Dungeon)

   rF++:      It greatly protects you from fire.
   Fly:       It grants you flight.
   -Cast:     It prevents spellcasting.
 z - a +0 helmet
Jewellery
 x - a +4 ring of protection (left hand)
Talismans
 c - a beast talisman
 d - a flux talisman
 g - a maw talisman
Wands
 m - a wand of flame (44)
 s - a wand of roots (8)
Scrolls
 e - 7 scrolls of identify {unknown}
 f - a scroll of amnesia {unknown}
 j - a scroll of fog {unknown}
 l - 3 scrolls of teleportation {unknown}
 o - a scroll of butterflies {unknown}
 q - 2 scrolls of blinking {unknown}
 y - a scroll of enchant armour {unknown}
Potions
 b - a potion of lignification
 h - a potion of resistance {unknown}
 i - 3 potions of mutation {unknown}
 n - 3 potions of curing {unknown}
 r - 2 potions of enlightenment {unknown}
 u - a potion of cancellation {unknown}
 v - a potion of might {unknown}
 w - 3 potions of brilliance {unknown}


   Skills:
 - Level 1.0 Fighting
 + Level 3.0 Dodging
 - Level 3.5 Unarmed Combat
 * Level 4.2 Shapeshifting


You had 4 spell levels left.
You didn't know any spells.
Your spell library contained the following spells:

 Spells                   Type           Power      Damage    Failure   Level
 Freeze                   Ice            0%         1d3       34%         1
 Frozen Ramparts          Ice            0%         1d1       71%         3
 Hailstorm                Conj/Ice       0%         3d3       71%         3
 Vhi's Electric Charge    Tloc/Air       0%         N/A       98%         4
 Arcjolt                  Conj/Air       0%         1d10      100%        5
 Maxwell's Capacitive Co  Air            0%         ∞         100%        8


Dungeon Overview and Level Annotations

Branches:
Dungeon (4/15)
 Temple: D:4-7

Altars:


Innate Abilities, Weirdness & Mutations

You are a hulking beast.
Your limbs bulge with bestial killing power. (Slay +2)
You are partially covered in molten scales. (AC +2)


Message History

You kill the goblin!
You hit the hound. Your punch misses the hound.
The hound is lightly wounded.
The hound bites you. The hound bites you but does no damage.
You barely miss the hound.
The hound is lightly wounded.
The hound bites you but does no damage. The hound barely misses you.
You whack the hound! Lightning courses through the hound!
You kill the hound!
Your Dodging skill increases to level 3!
No target in view!
Things that are here:
a +0 club; a hound corpse
There is a stone staircase leading down here.
A two-headed ogre comes into view. It is wielding two +0 giant clubs.
The two-headed ogre shouts in stereo!
Aiming: Throw Flame
Press: ? - help, Q - select action, (/) - cycle Shift-Dir - straight line, f - two-headed ogre
Aim: a two-headed ogre, wielding two +0 giant clubs (85% to hit)
The puff of flame hits the two-headed ogre.
The two-headed ogre is lightly wounded.
You whack the two-headed ogre!
The two-headed ogre is lightly wounded.
The two-headed ogre hits you with a +0 giant club!
The two-headed ogre completely misses you.
You whack the two-headed ogre! You punch the two-headed ogre.
The two-headed ogre is moderately wounded.
You hit the two-headed ogre.
The two-headed ogre is moderately wounded.
The two-headed ogre barely misses you.
The two-headed ogre hits you with a +0 giant club!
You hit the two-headed ogre.
The two-headed ogre is heavily wounded.
The two-headed ogre closely misses you. The two-headed ogre barely misses you.
You hit the two-headed ogre.
Lightning courses through the two-headed ogre!
The two-headed ogre is severely wounded.
The two-headed ogre hits you with a +0 giant club!!
Ouch! That really hurt!
You die...

#.# #)# #######.#.##########...
#.# #.###.............†........
#.####.#...>.....#.......####.##
#........#.#####.######.......##
######.###.# #.# ##########
#.....# #.# # ####### #.# ####
###.# #... #.h.# #.## #O###
########.# #. .........# #.
########.# #. #.# #. #.## #.
#... ## ####


You could see a two-headed ogre.

Vanquished Creatures
  A hound (D:4)
  An iguana (D:4)
  5 adders
  A worm (D:2)
  2 dart slugs
  An orc (D:4)
  13 ball pythons
  3 endoplasms
  6 giant cockroaches
  9 goblins
  9 hobgoblins
  6 jackals
  6 kobolds
  5 quokkas
  4 bats
  3 frilled lizards (D:1)
  6 rats
81 creatures vanquished.

Notes
Turn   | Place    | Note
-------+----------+-------------------------------------------
     0 | D:1      | javelincjr the Demonspawn Shapeshifter began the quest for
                  | the Orb.
     0 | D:1      | Reached XP level 1. HP: 15/15 MP: 1/1
   211 | D:1      | Gained mutation: You are partially covered in molten
                  | scales. (AC +2) [demonic ancestry]
   211 | D:1      | Reached XP level 2. HP: 7/21 MP: 2/2
   217 | D:1      | Reached skill level 3 in Shapeshifting
   492 | D:1      | Reached XP level 3. HP: 22/26 MP: 3/3
  1640 | D:3      | Reached XP level 4. HP: 32/32 MP: 4/4
  1656 | D:3      | Identified the +5 whip of Dycex {elec, rF+ rC- Dex+5}
  1704 | D:3      | Identified the +1 robe of Usitays {-Cast Fly rF++}
  1922 | D:3      | Found a faded altar of an unknown god.
  2426 | D:4      | Reached XP level 5. HP: 36/37 MP: 5/5
  2560 | D:4      | Reached skill level 4 in Shapeshifting
  2720 | D:4      | Noticed a two-headed ogre
  2726 | D:4      | Slain by a two-headed ogre

Illustrated notes

Levels and vault maps discovered:
D:1:      dpeg_arrival_orchard, layout_basic, nicolae_the_louvre
D:2:      layout_basic
D:3:      layout_basic, nicolae_ecumenical_snake_handling
D:4:      layout_loops_ring

Skill      XL: |  1  2  3  4  5 |
---------------+----------------+-----
Dodging        | 2 3 |  3.0
Shapeshifting  | 3 4 |  4.2
Unarmed Combat | 3 |  3.5
Fighting       | |  1.0

Action                     |  1- 3 |  4- 6 || total
---------------------------+-------+-------++-------
  Melee: Unarmed           |   133 |     5 ||   138
         Whip              |       |    55 ||    55
         Punch             |       |     1 ||     1
  Evoke: Wand              |     1 |     1 ||     2
   Stab: Sleeping          |     2 |       ||     2
 Armour: Animal skin       |    59 |     4 ||    63
         Robe              |       |    23 ||    23
  Dodge: Dodged            |    74 |    44 ||   118

Table legend: (Time is in decaauts)
 A = Elapsed time spent in this place.
 B = Non-inter-level travel time spent in this place.
 C = Inter-level travel time spent in this place.
 D = Time resting spent in this place.
 E = Time spent auto-exploring this place.
 F = Levels seen in this place.
 G = Mean time per level.
                   A        B        C        D        E       F      G
               +--------+--------+--------+--------+--------+-----+--------+
         Total |   2722 |   2667 |     55 |     80 |   2066 |   4 |  680.5 |
       Dungeon |   2722 |   2667 |     55 |     80 |   2066 |   4 |  680.5 |
               +--------+--------+--------+--------+--------+-----+--------+

Top non-repeatable levels by time:
     D:1: 850 daAuts
     D:2: 760 daAuts
     D:3: 632 daAuts
     D:4: 479 daAuts
